 Dungeon Crawl Stone Soup version 0.30.0-10-gfe55d96785 (webtiles) character file.

Game seed: 10344480041059626964

30 booth the Conjurer (level 3, 0/28 HPs)
             Began as a Demonspawn Reaver on May 13, 2023.
             Succumbed to an adder's poison
             ... on level 2 of the Dungeon on May 14, 2023.
             The game lasted 00:07:52 (1240 turns).

booth the Conjurer (Demonspawn Reaver)              Turns: 1240, Time: 00:07:53

Health: 0/28       AC:  8    Str: 14    XL:     3   Next: 3%
Magic:  6/6        EV: 12    Int: 14    God:
Gold:   103        SH:  0    Dex: 11    Spells: 5/6 levels left

rFire   . . .        a - +0 hand axe
rCold   . . .        (no shield)
rNeg    + . .        i - +2 robe {rN+}
rPois   .            h - +0 helmet
rElec   .            c - +0 cloak
rCorr   .            (no gloves)
SInv    .            (no boots)
Will    .....        (no amulet)
Stlth   +            (no ring)
HPRegen 0.24/turn    (no ring)
MPRegen 0.10/turn

%: no passive effects
@: lethally poisoned (0 -> -3)
A: thin metallic scales 1
a: no special abilities


You were on level 2 of the Dungeon.
You visited 1 branch of the dungeon, and saw 2 of its levels.

You collected 103 gold pieces.

Inventory:

Hand Weapons
 a - a +0 hand axe (weapon)
Missiles
 g - 6 boomerangs
Armour
 b - a +0 leather armour
 c - a +0 cloak (worn)
 h - a +0 helmet (worn)
 i - a +2 robe of positive energy (worn)
Scrolls
 f - a scroll of vulnerability {unknown}
Potions
 d - a potion of curing
 e - a potion of attraction {unknown}


   Skills:
 + Level 2.4 Fighting
 * Level 2.9 Axes
 + Level 0.0 Armour
 + Level 2.1 Dodging
 + Level 2.2 Spellcasting
 * Level 3.2 Conjurations
 + Level 0.0 Necromancy


You had 5 spell levels left.
You knew the following spells:

 Your Spells              Type           Power      Damage    Failure   Level
a - Kiss of Death         Conj/Necr      24%        2d7       12%         1

Your spell library contained the following spells:

 Spells                   Type           Power      Damage    Failure   Level
 Momentum Strike          Conj/Tloc      12%        3d8       19%         2
 Lesser Beckoning         Tloc           2%         N/A       34%         2
 Hailstorm                Conj/Ice       6%         3d4       34%         3
 Gell's Gravitas          Tloc           1%         N/A       56%         3
 Teleport Other           Tloc           1%         N/A       56%         3


Dungeon Overview and Level Annotations

Branches:
Dungeon (2/15)

Altars:
Trog


Innate Abilities, Weirdness & Mutations

You are partially covered in thin metallic scales. (AC +2)


Message History

You are more poisoned.
The adder poisons you!
You miss the adder.
The adder is heavily wounded.
You feel sick. The adder bites you.
You are more poisoned.
The adder poisons you!
You miss the adder.
The adder is heavily wounded.
You feel sick. The adder barely misses you. The adder closely misses you.
You miss the adder.
The adder is heavily wounded.
You feel sick. The adder bites you but does no damage.
You closely miss the adder.
The adder is heavily wounded.
You feel sick. The adder bites you but does no damage. The adder bites you.
You are more poisoned.
The adder poisons you!
You miss the adder.
The adder is heavily wounded.
* * * LOW HITPOINT WARNING * * *
You feel very sick. The adder closely misses you.
You closely miss the adder.
The adder is heavily wounded.
* * * LOW HITPOINT WARNING * * *
You feel sick. The adder barely misses you. x2
You barely miss the adder.
The adder is heavily wounded.
* * * LOW HITPOINT WARNING * * *
You feel sick. The adder bites you but does no damage.
You hit the adder.
The adder is almost dead.
* * * LOW HITPOINT WARNING * * *
You feel sick. The adder bites you.
* * * LOW HITPOINT WARNING * * *
The adder bites you but does no damage.
You barely miss the adder.
The adder is almost dead.
You die...

### ...>######
#........#########
#................####
.......S@..#####....##
.....#####........†..##
....< #...####.....#
.... ..###..###...# ...
.## .....##..# ### #.
#......# #####.
##....## ...... ##....#
#.... #.....#


You could see an adder.

Vanquished Creatures
  A worm (D:2)
  3 bats (D:1)
  3 endoplasms (D:1)
  4 goblins
  A hobgoblin (D:1)
  3 quokkas
  2 ball pythons
  3 frilled lizards
  4 kobolds
  2 rats
26 creatures vanquished.

Notes
Turn   | Place    | Note
-------+----------+-------------------------------------------
     0 | D:1      | booth the Demonspawn Reaver began the quest for the Orb.
     0 | D:1      | Reached XP level 1. HP: 16/16 MP: 3/3
   156 | D:1      | Found a faded altar of an unknown god.
   304 | D:1      | Gained mutation: You are partially covered in thin metallic
                  | scales. (AC +2) [demonic ancestry]
   304 | D:1      | Reached XP level 2. HP: 17/22 MP: 5/5
   881 | D:2      | Found a bloodstained altar of Trog.
  1092 | D:2      | Reached XP level 3. HP: 28/28 MP: 6/6
  1239 | D:2      | HP: 1/28 [adder (3)]
  1240 | D:2      | Succumbed to an adder's poison

Illustrated notes

Levels and vault maps discovered:
D:1:      amcnicky_arrival_abandoned_market, layout_rooms,
          shapermc_ecumenical_altar_acropolis, kennysheep_doodads
D:2:      layout_basic, basic_altar, minmay_misc_feat_iff

Skill      XL: |  1  2 |
---------------+-------+-----
Dodging        | 2 |  2.1
Fighting       | |  2.4
Axes           | |  2.9
Spellcasting   | |  2.2
Conjurations   | |  3.2

Action                     || total
---------------------------++-------
  Melee: Hand axe          ||   106
    Use: Scroll            ||     1
         Potion            ||     1
 Armour: Leather armour    ||    36
         Robe              ||    11
  Dodge: Dodged            ||    71
